 Dungeon Crawl Stone Soup version 0.31.0-11-ge490571c62 (webtiles) character file.

Game seed: 15020802192738575931

6 Flugkiller the Chiller (level 1, -1/9 HPs)
             Began as a Vine Stalker Ice Elementalist on Feb 3, 2024.
             Succumbed to an adder's poison
             ... on level 2 of the Dungeon.
             The game lasted 00:00:18 (162 turns).

Flugkiller the Chiller (VSIE)                        Turns: 162, Time: 00:00:19

Health: -1/9       AC:  2    Str: 10    XL:     1   Next: 90%
Magic:  1/4        EV: 12    Int: 15    God:
Gold:   28         SH:  0    Dex: 14    Spells: 3/4 levels left

rFire   . . .        c - +0 dagger
rCold   . . .        (no shield)
rNeg    . . .        a - +0 robe
rPois   .            (no helmet)
rElec   .            (no cloak)
rCorr   .            (no gloves)
SInv    .            (no boots)
Will    .....        (no amulet)
Stlth   ++           (no ring)
HPRegen 1.01/turn    (no ring)
MPRegen 0.09/turn

%: guardian spirit
@: lethally poisoned (-1 -> -7)
A: fangs 2, regeneration 1, magic shield, antimagic bite, no potion heal 2
a: no special abilities


You were on level 2 of the Dungeon.
You visited 1 branch of the dungeon, and saw 2 of its levels.

You collected 28 gold pieces.

Inventory:

Hand Weapons
 c - a +0 dagger (weapon)
   (You found it on level 2 of the Dungeon)
Armour
 a - a +0 robe (worn)
Scrolls
 d - a scroll of teleportation {unknown}
Potions
 b - a potion of magic


   Skills:
 - Level 1.5 Dodging
 - Level 2.4 Stealth
 + Level 2.4 Spellcasting
 + Level 4.1 Ice Magic


You had 3 spell levels left.
You knew the following spells:

 Your Spells              Type           Power      Damage    Failure   Level
a - Freeze                Ice            56%        1d7       3%          1

Your spell library contained the following spells:

 Spells                   Type           Power      Damage    Failure   Level
 Frozen Ramparts          Ice            28%        1d5       12%         3
 Ozocubu's Armour         Ice            14%        N/A       12%         3
 Summon Ice Beast         Ice/Summ       8%         N/A       26%         3


Dungeon Overview and Level Annotations

Branches:
Dungeon (2/15) Zot: 11838

Altars:
Vehumet


Innate Abilities, Weirdness & Mutations

You have extremely sharp teeth.
Your natural rate of healing is unusually fast.
When hurt, damage is shared between your health and your magic reserves.
Your bite disrupts and absorbs the magic of your enemies.
Potions cannot restore your health.


Message History

You barely miss the frilled lizard. The frilled lizard closely misses you.
You barely miss the frilled lizard. The frilled lizard closely misses you.
You hit the frilled lizard.
You kill the frilled lizard!
You completely miss the hobgoblin. The hobgoblin hits you.
You closely miss the hobgoblin. The hobgoblin barely misses you.
You hit the hobgoblin. Your bite misses the hobgoblin.
The hobgoblin is moderately wounded.
The hobgoblin hits you.
You hit the hobgoblin.
You bite the hobgoblin, but do no damage.
The hobgoblin is heavily wounded.
The hobgoblin hits you.
You closely miss the hobgoblin.
The hobgoblin is heavily wounded.
The hobgoblin barely misses you.
You barely miss the hobgoblin.
The hobgoblin is heavily wounded.
The hobgoblin barely misses you.
You hit the hobgoblin.
You kill the hobgoblin!
Found a leather armour.
There is a radiant altar of Vehumet here.
You see here a frilled lizard corpse.
d - a scroll labelled NATTUONOERR Unknown command.
A quokka comes into view.
The quokka bites you but does no damage.
You barely miss the quokka. You bite the quokka. You drain its power.
The quokka is heavily wounded.
The quokka misses you.
You hit the quokka.
The quokka is almost dead.
The quokka bites you.
Casting: Freeze (safe; 4% risk of failure)
Confirm with . or Enter, or press ? or * to list all spells.
Aiming: Freeze (safe; 4% risk of failure)
Press: ? - help, Shift-Dir - straight line, f - quokka
Aim: a quokka (almost dead)
You freeze the quokka.
You kill the quokka!
You see here a quokka corpse.
Magic restored.
Found a robe.
Unknown command.
You see here a +0 robe.
An adder comes into view.
The adder hisses angrily.
Found 11 gold pieces.
You hit the adder but do no damage. Your bite misses the adder.
The adder barely misses you.
You miss the adder. You bite the adder. You drain its power.
The adder is lightly wounded.
The adder barely misses you.
You hit the adder. Your bite misses the adder.
The adder is moderately wounded.
The adder barely misses you. The adder bites you.
You barely miss the adder.
The adder is moderately wounded.
The adder bites you.
You miss the adder. Your bite misses the adder.
The adder is moderately wounded.
The adder bites you.
You hit the adder but do no damage.
The adder is moderately wounded.
The adder barely misses you. The adder closely misses you.
You closely miss the adder.
The adder is moderately wounded.
The adder bites you.
You closely miss the adder. Your bite misses the adder.
The adder is moderately wounded.
The adder bites you.
You are poisoned.
The adder poisons you!
You miss the adder. Your bite misses the adder.
The adder is moderately wounded.
You feel sick. The adder bites you but does no damage.
The adder closely misses you.
You hit the adder. Your bite misses the adder.
The adder is heavily wounded.
You feel sick. The adder closely misses you.
You hit the adder.
The adder is almost dead.
You feel sick. The adder barely misses you.
You closely miss the adder.
The adder is almost dead.
You feel sick.
You are no longer poisoned.
The adder misses you.
You miss the adder. Your bite misses the adder.
The adder is almost dead.
The adder bites you.
You are poisoned.
The adder poisons you! The adder bites you.
* * * LOW HITPOINT WARNING * * *
You are more poisoned.
The adder poisons you!
You hit the adder but do no damage.
The adder is severely wounded.
You die...

##.####### .........#
##....##.# ####.##.#
####.##.####
##.......##.#########
......#....#........#
.###..#...###.##.##.###.
.# #....#.####..@S......
.###...###.##....#..####
......#.#..#.##.#.#.#
#.........#.# ##......
#..##......#### #......
#..##.._....... .......
)..##..)...#### .$.....
...##......# .....$
...##..#...#


You could see an adder.

Vanquished Creatures
  A giant cockroach (D:2)
  A hobgoblin (D:2)
  A quokka (D:2)
  A bat (D:2)
  A frilled lizard (D:2)
  A kobold (D:2)
6 creatures vanquished.

Notes
Turn   | Place    | Note
-------+----------+-------------------------------------------
     0 | D:1      | Flugkiller the Vine Stalker Ice Elementalist began the
                  | quest for the Orb.
     0 | D:1      | Reached XP level 1. HP: 9/9 MP: 4/4
    63 | D:2      | Found a radiant altar of Vehumet.
   162 | D:2      | Succumbed to an adder's poison

Illustrated notes

Levels and vault maps discovered:
D:1:      amcnicky_arrival_gap_in_the_tavern_cellar, layout_loops_corners
D:2:      layout_loops_ring, basic_altar

Action                     || total
---------------------------++-------
  Melee: Dagger            ||    30
         Bite              ||     3
   Cast: Freeze            ||     2
   Stab: Sleeping          ||     1
 Armour: Robe              ||    16
  Dodge: Dodged            ||    17
